 Dungeon Crawl Stone Soup version 0.32-a0-43-g058985b245 (webtiles) character file.

Game seed: 18183793513735057454

3630 cforsyth the Fighter (level 10, -2/81 HPs)
             Began as a Djinni Warper on Feb 3, 2024.
             Slain by a four-headed hydra (13 damage)
             ... on level 8 of the Dungeon.
             The game lasted 00:18:02 (7662 turns).

cforsyth the Fighter (Djinni Warper)                Turns: 7662, Time: 00:18:02

Health: -2/81      AC:  4    Str: 10    XL:     10   Next: 33%
Gold:   355        EV: 11    Int: 19    God:
                   SH:  0    Dex: 13

rFire   + + .        a - +0 falchion
rCold   x . .        (no shield)
rNeg    . . .        b - +0 leather armour
rPois   ∞            (no helmet)
rElec   .            (no cloak)
rCorr   .            m - +0 pair of gloves
SInv    .            (boots unavailable)
Will    +....        w - amulet of regeneration
Stlth   +            (no ring)
HPRegen 1.13/turn    (no ring)
MPRegen 0.00/turn

%: infuse magic (-3 HP)
@: on blink cooldown, flying
A: sickness immunity, fire resistance 2, cold vulnerability 1, float, innate
caster, HP casting, extra vitality 1
a: no special abilities


You were on level 8 of the Dungeon.
You visited 2 branches of the dungeon, and saw 9 of its levels.

You collected 355 gold pieces.

Inventory:

Hand Weapons
 a - a +0 falchion (weapon)
 h - a +0 dagger of venom
 q - a +2 dagger of venom
Missiles
 d - 7 darts of dispersal
 n - 10 poisoned darts
 o - a throwing net
Armour
 b - a +0 leather armour (worn)
 m - a +0 pair of gloves (worn)
Jewellery
 w - an amulet of regeneration (around neck)
Wands
 D - a wand of charming (7)
 F - a wand of polymorph (14)
Scrolls
 c - 4 scrolls of blinking
 f - 3 scrolls of fog {unknown}
 g - 7 scrolls of identify {unknown}
 i - 2 scrolls of revelation {unknown}
 p - a scroll of noise {unknown}
 s - a scroll of silence {unknown}
 t - a scroll of enchant armour {unknown}
 v - 2 scrolls of teleportation {unknown}
 y - a scroll of immolation {unknown}
 B - a scroll of vulnerability {unknown}
 C - a scroll of poison {unknown}
 E - a scroll of butterflies {unknown}
 G - a scroll of fear {unknown}
Potions
 e - 3 potions of degeneration {unknown}
 j - 2 potions of might {unknown}
 k - 4 potions of heal wounds {unknown}
 l - a potion of berserk rage {unknown}
 r - a potion of magic {unknown}
 u - 2 potions of curing {unknown}
 x - a potion of resistance {unknown}
 z - 2 potions of mutation {unknown}
 A - a potion of invisibility {unknown}


   Skills:
 + Level 10.5 Fighting
 - Level 1.7 Long Blades
 - Level 0.7 Throwing
 - Level 1.0 Armour
 - Level 2.1 Dodging
 + Level 8.3 Spellcasting
 + Level 8.3 Conjurations
 + Level 8.3 Hexes
 + Level 8.3 Summonings
 + Level 8.3 Necromancy
 + Level 8.3 Translocations
 + Level 8.3 Fire Magic
 + Level 8.3 Ice Magic
 + Level 8.3 Air Magic
 + Level 8.3 Earth Magic
 + Level 8.3 Alchemy


You knew the following spells:

 Your Spells              Type           Power      Damage    Failure   Level
a - Blink                 Tloc           78%        N/A       1%          2
b - Lesser Beckoning      Tloc           78%        N/A       1%          2
c - Teleport Other        Tloc           39%        N/A       1%          3
d - Manifold Assault      Tloc           39%        N/A       4%          4
e - Vhi's Electric Charg  Tloc/Air       78%        N/A       4%          4
f - Necrotise             Necr           100%       1d9       1%          1
g - Call Imp              Summ           78%        N/A       1%          2
h - Searing Ray           Conj           78%        2d7       1%          2
i - Animate Dead          Necr           39%        N/A       4%          4
Your spell library was empty.

Dungeon Overview and Level Annotations

Branches:
Dungeon (8/15)             Temple (1/1) D:5
   Lair: D:8-11

Altars:
Ashenzari
Cheibriados
Dithmenos
Elyvilon
Fedhas
Gozag
Hepliaklqana
Makhleb
Nemelex Xobeh
Okawaru
Qazlal
Trog
Xom
Yredelemnul
Zin
The Shining One

Shops:
D:1 (   D:2 (   D:3 (   D:6 *

Annotations:
D:5 2 transporters


Innate Abilities, Weirdness & Mutations

You are immune to sickness and miasma.
You are immune to poison.
Your flesh is very heat resistant. (rF++)
You are vulnerable to cold. (rC-)
You float through the air rather than walking.
You learn spells naturally, not from books.
Your magical power is your life essence.
You have superior vitality. (+4 MHP)


Message History

There is a stone staircase leading down here.
There is a stone staircase leading up here.
Casting: Searing Ray (safe; 1% risk of failure)
Confirm with . or Enter, or press ? or * to list all spells.
A tiny devil pulls itself out of the air.
Okay, then.
You can't see any susceptible monsters within range! (Use Z to cast anyway.)
The searing ray hits the four-headed hydra!
The four-headed hydra is lightly wounded. (Press . to maintain the ray.)
The searing ray hits the four-headed hydra.
The four-headed hydra is lightly wounded.
The searing ray hits the four-headed hydra.
The four-headed hydra is moderately wounded.
Your cerulean imp hits the four-headed hydra with a -1 spear.
The searing ray hits the four-headed hydra!
The four-headed hydra is moderately wounded.
You finish channelling your searing ray.
Your cerulean imp barely misses the four-headed hydra.
The four-headed hydra closely misses you.
The four-headed hydra bites you! The four-headed hydra bites you.
The four-headed hydra bites you!
The searing ray hits the four-headed hydra!
The four-headed hydra is heavily wounded. (Press . to maintain the ray.)
Your cerulean imp hits the four-headed hydra with a -1 spear.
The four-headed hydra bites you! x2
* * * LOW HITPOINT WARNING * * *
The four-headed hydra bites you.
* * * LOW HITPOINT WARNING * * *
The four-headed hydra bites you but does no damage.
Casting: Searing Ray (safe; 1% risk of failure)
Confirm with . or Enter, or press ? or * to list all spells.
You blink.
* * * LOW HITPOINT WARNING * * *
Your cerulean imp hits the four-headed hydra with a -1 spear.
The four-headed hydra bites you!
* * * LOW HITPOINT WARNING * * *
The four-headed hydra bites you!
You die...

#....###.<..........####
###...h..................##
#......O...#..............##.
.....D######................#
......## ##................#
.......## #.........)<)#####
........###...........##
........#.............#
................@.§..##
.................D...#
.................5..##
....................#
....................#
....................#
....................#
...........>.......#
................#


You could see a four-headed hydra (ally target) and a friendly cerulean imp
(summoned).

Vanquished Creatures
  A two-headed ogre (D:8)
  Jeremiah (D:8)
  Grinder (D:6)
  A steam dragon (D:5)
  2 water moccasins
  2 ice beasts
  A sky beast (D:7)
  2 orc warriors (D:7)
  A black bear (D:8)
  An ogre (D:6)
  A centaur (D:8)
  A bullfrog (D:6)
  3 scorpions
  5 killer bees (D:7)
  2 howler monkeys
  A jelly (D:6)
  A hound (D:7)
  4 orc priests
  2 iguanas (D:5)
  A sleepcap (D:7)
  9 orc wizards
  Robin (D:3)
  7 adders
  2 shadow imps
  4 white imps
  3 ribbon worms
  2 dart slugs
  30 orcs
  5 ball pythons
  10 bats
  7 endoplasms
  5 giant cockroaches
  17 goblins
  13 hobgoblins
  9 jackals
  7 kobolds
  3 quokkas
  3 frilled lizards (D:3)
  8 rats
179 creatures vanquished.

Vanquished Creatures (collateral kills)
  A sky beast (D:6)
  An ogre (D:5)
  A killer bee (D:7)
  An iguana (D:5)
  An orc wizard (D:6)
  An orc (D:5)
  A goblin (D:3)
  A jackal (D:2)
8 creatures vanquished.

Vanquished Creatures (others)
  5 killer bee zombies (D:7)
5 creatures vanquished.

Grand Total: 192 creatures vanquished

Notes
Turn   | Place    | Note
-------+----------+-------------------------------------------
     0 | D:1      | cforsyth the Djinni Warper began the quest for the Orb.
     0 | D:1      | cforsyth set off with the following spells memorised:
                  | Blink, Lesser Beckoning, Teleport Other, Manifold Assault,
                  | Vhi's Electric Charge.
     0 | D:1      | Reached XP level 1. HP: 18/18 MP: 0/0
   119 | D:1      | Reached XP level 2. HP: 20/23 MP: 0/0
   493 | D:1      | Found Tenog's Weapon Emporium.
   614 | D:1      | Reached XP level 3. HP: 23/29 MP: 0/0
   614 | D:1      | Learned a level 1 spell: Necrotise
  1003 | D:1      | Reached skill level 3 in Fighting
  1220 | D:2      | Found Cietah's Antique Weapon Emporium.
  1371 | D:2      | Found a faded altar of an unknown god.
  1465 | D:2      | Reached XP level 4. HP: 30/35 MP: 0/0
  2055 | D:3      | Found Dodghest's Antique Weapon Shoppe.
  2257 | D:3      | Reached XP level 5. HP: 29/40 MP: 0/0
  2257 | D:3      | Learned a level 2 spell: Call Imp
  2560 | D:3      | Found a basalt altar of Yredelemnul.
  2582 | D:3      | Found an iron altar of Okawaru.
  2591 | D:3      | Reached skill level 4 in Fighting
  2915 | D:3      | Noticed Robin
  2929 | D:3      | Reached XP level 6. HP: 40/47 MP: 0/0
  2931 | D:3      | Killed Robin
  3320 | D:4      | Found a burning altar of Makhleb.
  3373 | D:4      | Found a glowing silver altar of Zin.
  3764 | D:5      | Entered Level 5 of the Dungeon
  3782 | D:5      | Found a transporter.
  3938 | D:5      | Noticed a water moccasin
  3978 | D:5      | Reached skill level 5 in Fighting
  4007 | D:5      | Found a staircase to the Ecumenical Temple.
  4016 | Temple   | Entered the Ecumenical Temple
  4171 | D:6      | Reached XP level 7. HP: 15/54 MP: 0/0
  4171 | D:6      | Learned a level 2 spell: Searing Ray
  4289 | D:6      | Reached skill level 5 in Spellcasting
  4289 | D:6      | Reached skill level 5 in Conjurations
  4289 | D:6      | Reached skill level 5 in Hexes
  4289 | D:6      | Reached skill level 5 in Summonings
  4289 | D:6      | Reached skill level 5 in Necromancy
  4289 | D:6      | Reached skill level 5 in Translocations
  4289 | D:6      | Reached skill level 5 in Fire Magic
  4289 | D:6      | Reached skill level 5 in Ice Magic
  4289 | D:6      | Reached skill level 5 in Air Magic
  4289 | D:6      | Reached skill level 5 in Earth Magic
  4289 | D:6      | Reached skill level 5 in Alchemy
  4344 | D:6      | Reached skill level 6 in Fighting
  4421 | D:6      | Found Puveivo's General Store.
  4453 | D:6      | Reached XP level 8. HP: 60/62 MP: 0/0
  4577 | D:6      | Noticed Grinder
  4583 | D:6      | Paralysed by Grinder for 4 turns
  4606 | D:5      | Found a transporter.
  4739 | D:5      | Reached skill level 7 in Fighting
  4891 | D:5      | Found a shadowy altar of Dithmenos.
  4892 | D:5      | Found a snail-covered altar of Cheibriados.
  5109 | D:6      | Killed Grinder
  5110 | D:6      | Reached XP level 9. HP: 68/70 MP: 0/0
  5110 | D:6      | Learned a level 4 spell: Animate Dead
  5264 | D:6      | Found a hazy altar of Hepliaklqana.
  5430 | D:7      | Reached skill level 8 in Fighting
  6210 | D:7      | Reached skill level 9 in Fighting
  6934 | D:8      | Noticed Jeremiah
  6948 | D:8      | Killed Jeremiah
  6949 | D:8      | Reached XP level 10. HP: 77/79 MP: 0/0
  7000 | D:8      | Noticed a four-headed hydra
  7000 | D:8      | Noticed a two-headed ogre
  7326 | D:8      | Killed a two-headed ogre
  7327 | D:8      | Reached skill level 10 in Fighting
  7662 | D:8      | Slain by a four-headed hydra

Illustrated notes

Levels and vault maps discovered:
D:1:      wander_arrival_peaceful_grave, layout_basic, serial_shops, shop,
          minmay_3d_cube
D:2:      layout_loops_ring, serial_shops, nicolae_shop_behind_doors,
          basic_ecumenical_altar, hangedman_abyss_or_decor_stabs, minmay_cupped
D:3:      minmay_inner_zag, layout_rooms, jmf_multi_god_temple2, serial_shops,
          nicolae_shop_crystal, kennysheep_cross_room, uniq_robin
D:4:      layout_basic, old_standard_altar, lightli_temple_of_fire,
          chequers_decorated_corner
D:5:      gammafunk_wand_slinger, layout_gridville,
          gammafunk_temple_overflow_pools, minmay_temple_entry_stoned_glass,
          kennysheep_another_room
D:6:      layout_rooms, mainiacjoe_overflow_surrounded_room, serial_shops,
          nicolae_shop_real_fake_doors, uniq_grinder
D:7:      layout_basic
D:8:      layout_layer_cave, lemuel_doored_altar, kennysheep_pointless_box,
          nicolae_doodle_vault, uniq_jeremiah
Temple:   hc_temple_tempest_star

Skill      XL: |  1  2  3  4  5  6  7  8  9 10 |
---------------+-------------------------------+-----
Spellcasting   | 3 4 5 6 7 8 |  8.3
Conjurations   | 3 4 5 6 7 8 |  8.3
Hexes          | 3 4 5 6 7 8 |  8.3
Summonings     | 3 4 5 6 7 8 |  8.3
Necromancy     | 3 4 5 6 7 8 |  8.3
Translocations | 3 4 5 6 7 8 |  8.3
Fire Magic     | 3 4 5 6 7 8 |  8.3
Ice Magic      | 3 4 5 6 7 8 |  8.3
Air Magic      | 3 4 5 6 7 8 |  8.3
Earth Magic    | 3 4 5 6 7 8 |  8.3
Alchemy        | 3 4 5 6 7 8 |  8.3
Fighting       | 3 4 5 6 7 9 10 | 10.5
Long Blades    | |  1.7
Throwing       | |  0.7
Armour         | |  1.0
Dodging        | |  2.1

Action                     |  1- 3 |  4- 6 |  7- 9 | 10-12 || total
---------------------------+-------+-------+-------+-------++-------
  Melee: Falchion          |    66 |     8 |    15 |       ||    89
         Punch             |       |       |     2 |       ||     2
   Cast: Necrotise         |    55 |   193 |    83 |       ||   331
         Call Imp          |       |     1 |     6 |     2 ||     9
         Searing Ray       |       |       |    54 |    11 ||    65
         Animate Dead      |       |       |     6 |       ||     6
         Lesser Beckoning  |       |       |     1 |       ||     1
         Blink             |       |       |       |     3 ||     3
 Armour: Leather armour    |    49 |    74 |    99 |    25 ||   247
  Dodge: Dodged            |    67 |    60 |    60 |    20 ||   207

Table legend: (Time is in decaauts)
 A = Elapsed time spent in this place.
 B = Non-inter-level travel time spent in this place.
 C = Inter-level travel time spent in this place.
 D = Time resting spent in this place.
 E = Time spent auto-exploring this place.
 F = Levels seen in this place.
 G = Mean time per level.
                   A        B        C        D        E       F      G
               +--------+--------+--------+--------+--------+-----+--------+
         Total |   7682 |   7556 |    126 |    723 |   5384 |   9 |  853.6 |
       Dungeon |   7680 |   7554 |    126 |    723 |   5384 |   8 |  960.0 |
        Temple |      1 |      1 |      0 |      0 |      0 |   1 |    1.0 |
               +--------+--------+--------+--------+--------+-----+--------+

Top non-repeatable levels by time:
     D:7: 1414 daAuts
     D:1: 1205 daAuts
     D:6: 1012 daAuts
     D:3: 959 daAuts
     D:2: 838 daAuts
     D:5: 819 daAuts
     D:4: 801 daAuts
     D:8: 630 daAuts
  Temple: 1 daAuts
